 Dungeon Crawl Stone Soup version 0.26-a0-926-g43279f1ce9 (webtiles) character file.

Game seed: 1718194299595988787

28 Descartes the Scratcher (level 2, -3/15 HPs)
             Began as a Felid Wanderer on Nov 26, 2020.
             Slain by a gnoll (4 damage)
             ... on level 1 of the Dungeon.
             The game lasted 00:04:28 (1460 turns).

Descartes the Scratcher (Felid Wanderer)            Turns: 1460, Time: 00:04:29

Health: -3/15      AC:  1    Str:  6    XL:     2   Next: 96%
Magic:  3/3        EV: 17    Int: 15    God:
Gold:   43         SH:  0    Dex: 15    Spells: 1/1 levels left
                                        Lives:  0   Deaths: 0

rFire    . . .     SeeInvis +     - Unarmed
rCold    . . .     Faith    .   (shield unavailable)
rNeg     . . .     Spirit   .   (armour unavailable)
rPois    .         Reflect  .   (helmet unavailable)
rElec    .         Harm     .   (cloak unavailable)
rCorr    .         Rampage  .   (gloves unavailable)
MR       .....                  (boots unavailable)
Stlth    +++.......             (no amulet)
HPRegen  0.05/turn              f - ring of flight
MPRegen  0.08/turn              (no ring)

@: quick
A: very small, no armour, no weapons or thrown items, stealth, claws 1, fangs 3,
see invisible, speed 1, shaggy fur 1, sharp paws
a: Evoke Flight


You were on level 1 of the Dungeon.
You visited 1 branch of the dungeon, and saw 1 of its levels.

You collected 43 gold pieces.

Inventory:

Jewellery
 f - a ring of flight (left paw)
Scrolls
 b - a scroll of teleportation
 d - 2 scrolls of identify {unknown}
 g - a scroll of fear {unknown}
 h - a scroll of remove curse {unknown}
Potions
 a - 3 potions of haste
 c - a potion of lignification
 e - a potion of heal wounds {unknown}


   Skills:
 - Level 4.0 Fighting
 * Level 1.7 Dodging
 + Level 3.1 Stealth
 + Level 4.5 Unarmed Combat


You had one spell level left.
You didn't know any spells.
Your spell library was empty.

Dungeon Overview and Level Annotations

Branches:
Dungeon (1/15)

Altars:


Innate Abilities, Weirdness & Mutations

You cannot wear armour.
You are incapable of wielding weapons or throwing items.
Your paws allow you to move quietly. (Stealth)
You have sharp claws.
You have razor-sharp teeth.
You have supernaturally acute eyesight. (SInv)
You cover ground quickly.
You are covered in fur. (AC +1)
Your sharp claws are effective at attacking unaware monsters.


Message History

You now have 43 gold pieces (gained 13).
Found a stone staircase leading down.
A gnoll is nearby!
The gnoll shouts!
You scratch the gnoll.
The gnoll is lightly wounded.
The gnoll hits you!
Ouch! That really hurt!
You are too injured to fight recklessly!
You are too injured to fight recklessly!
You are too injured to fight recklessly!
You closely miss the gnoll.
The gnoll is lightly wounded.
The gnoll hits you.
* * * LOW HITPOINT WARNING * * *
There is a stone staircase leading down here.
You scratch the gnoll.
The gnoll is heavily wounded.
The gnoll hits you.
You die...

###...................#
#......######.........# #.#g##.#
#.........# #.#.##.# #.........#
#.#.##.######.........#######
#...........................#
#############.........#####.#
.....#..).#..##############.#####
................@g.........>.....
...#.#.##.#############.#########
.........)................
##...#.#########..#####.###
####.....# ##.# #.# .........#
#.## #.# ###......# #..####.#
...)...###########...##.#
##.....).........+...#


You could see a gnoll.

Vanquished Creatures
  A dart slug (D:1)
  2 leopard geckos (D:1)
  3 giant cockroaches (D:1)
  3 goblins (D:1)
  3 hobgoblins (D:1)
  2 jackals (D:1)
  2 kobolds (D:1)
  A ball python (D:1)
  2 frilled lizards (D:1)
  3 rats (D:1)
22 creatures vanquished.

Notes
Turn   | Place    | Note
-------+----------+-------------------------------------------
     0 | D:1      | Descartes the Felid Wanderer began the quest for the Orb.
     0 | D:1      | Descartes set off with the following items: 2 potions of
                  | haste, a scroll of teleportation, a potion of lignification
     0 | D:1      | Reached XP level 1. HP: 11/11 MP: 2/2
   392 | D:1      | Reached skill level 1 in Dodging
   502 | D:1      | Reached XP level 2. HP: 14/15 MP: 3/3
  1460 | D:1      | Slain by a gnoll

Illustrated notes

Levels and vault maps discovered:
D:1:      shiori_arrival_maze, layout_basic, minmay_misc_feat_square

Skill      XL: |  1  2 |
---------------+-------+-----
Dodging        | 1 |  1.7
Stealth        | 3 |  3.1
Fighting       | |  4.0
Unarmed Combat | |  4.5

Action                   || total
-------------------------++-------
Melee: Unarmed           ||    60
       Bite              ||     3
 Stab: Sleeping          ||     6
Armor: Skin              ||     3
Dodge: Dodged            ||    40

Table legend: (Time is in decaauts)
 A = Elapsed time spent in this place.
 B = Non-inter-level travel time spent in this place.
 C = Inter-level travel time spent in this place.
 D = Time resting spent in this place.
 E = Time spent auto-exploring this place.
 F = Levels seen in this place.
 G = Mean time per level.
                   A        B        C        D        E       F      G
               +--------+--------+--------+--------+--------+-----+--------+
         Total |   1335 |   1335 |      0 |      0 |   1092 |   1 | 1335.0 |
       Dungeon |   1335 |   1335 |      0 |      0 |   1092 |   1 | 1335.0 |
               +--------+--------+--------+--------+--------+-----+--------+

Top non-repeatable levels by time:
     D:1: 1335 daAuts
